 Dungeon Crawl Stone Soup version 0.29.0-4-gdea44cf6ec (webtiles) character file.

Game seed: 10164853381366726162

36 qw the Chopper (level 3, -6/29 HPs)
             Began as a Demonspawn Cinder Acolyte on Sept 8, 2022.
             Was a High Priest of Ignis.
             Killed by nerve-wracking pain
             ... invoked by Jessica
              (9 damage)
             ... on level 2 of the Dungeon.
             The game lasted 00:00:25 (1175 turns).

qw the Chopper (Demonspawn Cinder Acolyte)          Turns: 1175, Time: 00:00:25

Health: -6/29      AC: 11    Str: 16    XL:     3   Next: 19%
Magic:  4/4        EV: 11    Int: 15    God:    Ignis [*****.]
Gold:   82         SH:  0    Dex:  8    Spells: 4/4 levels left

rFire   + . .      SeeInvis .   Y - -1 hand axe (flame)
rCold   . . .      Faith    .   (no shield)
rNeg    . . .      Spirit   .   b - +0 robe
rPois   .          Reflect  .   (no helmet)
rElec   .          Harm     .   (no cloak)
rCorr   .          Rampage  .   (no gloves)
Will    .....                   (no boots)
Stlth   +.........              (no amulet)
HPRegen 0.09/turn               (no ring)
MPRegen 0.09/turn               (no ring)

@: fiery-armoured
A: thin metallic scales 1, powered by pain 1
a: Renounce Religion, Fiery Armour, Foxfire Swarm, Rising Flame


You were on level 2 of the Dungeon.
You worshipped Ignis.
Ignis was extremely pleased with you.
You visited 1 branch of the dungeon, and saw 2 of its levels.

You collected 82 gold pieces.


Innate Abilities, Weirdness & Mutations

You are partially covered in thin metallic scales. (AC +2)
You sometimes gain a little power by taking damage.


   Skills:
 - Level 3.0 Fighting
 - Level 4.0 Axes
 + Level 0.0 Dodging
 - Level 1.0 Spellcasting
 - Level 2.6 Fire Magic


You had 4 spell levels left.
You didn't know any spells.
Your spell library contained the following spells:

 Spells                   Type           Power      Damage    Failure   Level
 Scorch                   Fire           16%        2d5       12%         2

Inventory:

Hand Weapons
 Y - a -1 hand axe of flaming (weapon)
Armour
 b - a +0 robe (worn)
Scrolls
 a - a scroll of identify
Potions
 d - a potion of resistance {unknown}

Dungeon Overview and Level Annotations

Branches:
Dungeon (2/15)

Altars:

Annotations:
D:2 Jessica, Natasha


Message History

Natasha barely misses you.
Jessica points at you and mumbles some strange words.
Pain shoots through your body!
A kobold comes into view. It is wielding a +0 short sword.
The kobold shouts!
You hit Natasha. You burn Natasha.
Natasha is heavily wounded.
You hit Jessica. You burn Jessica.
Natasha drinks a potion.
Natasha is healed!
Jessica casts a spell.
Jessica seems to speed up.
You closely miss Jessica.
Jessica is heavily wounded.
You hit Natasha but do no damage. Jessica closely misses you.
Natasha claws you but does no damage.
Jessica zaps a wand.
The puff of flame misses you.
You hit Jessica. You burn Jessica.
Jessica is severely wounded.
You closely miss Natasha. Natasha claws you. Jessica hits you with a +0 club.
Natasha claws you.
1173 ||| INVOKING Fiery Armour.
A protective cloak of flame settles atop you.
Jessica mumbles some strange words.
Jessica blinks!
Jessica zaps a wand.
The puff of flame hits you. You resist. Natasha claws you.
Natasha is burned by your cloak of flames.
Natasha is moderately wounded.
You miss Natasha.
Natasha is moderately wounded.
You hit the goblin. You burn the goblin.
You kill the goblin!
Jessica zaps a wand.
The puff of flame hits you. You resist.
The kobold throws a stone.
The stone hits you but does no damage. Natasha closely misses you.
Your Axes skill increases to level 4!
You hit Natasha. You burn Natasha.
Natasha is severely wounded.
Jessica casts a spell at you. Pain shoots through your body!
You die...

#......#
##.#....##
#.........
###.......#
##.....K...#
####..#.......##
........h)......
#.#.#@#..####
#........#..#
#.#.#.#..#..#
#...........# #
#.#.#.#.....#.#..
#...@....<.....<#
##.........####.#
#.....#........#
#............###


You could see Natasha, Jessica (fast) and a kobold.

Vanquished Creatures
  An adder (D:1)
  A dart slug (D:2)
  A ball python (D:1)
  2 endoplasms (D:1)
  2 giant cockroaches (D:1)
  2 goblins
  3 hobgoblins (D:1)
  3 bats (D:1)
  3 frilled lizards
  6 kobolds (D:1)
  2 rats (D:1)
26 creatures vanquished.

Vanquished Creatures (others)
  3 fungi (D:2)
  A plant (D:2)
4 creatures vanquished.

Grand Total: 30 creatures vanquished

Notes
Turn   | Place    | Note
-------+----------+-------------------------------------------
     0 | D:1      | qw the Demonspawn Cinder Acolyte began the quest for the
                  | Orb.
     0 | D:1      | Reached XP level 1. HP: 18/18 MP: 2/2
     0 | D:1      | 0 ||| qw: Version: 0.1-a-112-g44dc6cd
     0 | D:1      | 0 ||| qw: Game counter: 6806
     0 | D:1      | 0 ||| qw: Always use a shield: true
     0 | D:1      | 0 ||| qw: God list: Okawaru
     0 | D:1      | 0 ||| qw: Allow faded altars: false
     0 | D:1      | 0 ||| qw: Do Orc after D:15 true
     0 | D:1      | 0 ||| qw: Do second Lair branch before Depths: true
     0 | D:1      | 0 ||| qw: Lair rune preference: random
     0 | D:1      | 0 ||| qw: Plans: Normal
     0 | D:1      | 0 ||| PLANNING D:1-11
    82 | D:1      | Reached skill level 3 in Axes
   186 | D:1      | 186 ||| Stepping ~*~*~tactically~*~*~ (stealth).
   187 | D:1      | 187 ||| Stepping ~*~*~tactically~*~*~ (stealth).
   189 | D:1      | 189 ||| Stepping ~*~*~tactically~*~*~ (stealth).
   190 | D:1      | 190 ||| Stepping ~*~*~tactically~*~*~ (stealth).
   195 | D:1      | Gained mutation: You sometimes gain a little power by
                  | taking damage. [demonic ancestry]
   195 | D:1      | Reached XP level 2. HP: 21/24 MP: 3/3
   215 | D:1      | 215 ||| Stepping ~*~*~tactically~*~*~ (stealth).
   216 | D:1      | 216 ||| Stepping ~*~*~tactically~*~*~ (stealth).
   217 | D:1      | 217 ||| Stepping ~*~*~tactically~*~*~ (stealth).
   283 | D:1      | 283 ||| Stepping ~*~*~tactically~*~*~ (stealth).
   315 | D:1      | 315 ||| Stepping ~*~*~tactically~*~*~ (stealth).
   517 | D:1      | 517 ||| Stepping ~*~*~tactically~*~*~ (stealth).
   858 | D:1      | 858 ||| READING scroll labelled WAOLUGG TAICW.
   859 | D:1      | 859 ||| READING scroll labelled CUAPNE JODUVIF.
   860 | D:1      | 860 ||| READING scroll labelled TILABL KUNUEMP.
   861 | D:1      | 861 ||| READING scroll labelled ZOIFOH CEQOUNTA.
   888 | D:2      | 888 ||| STAIRDANCE
   895 | D:1      | 895 ||| INVOKING Fiery Armour.
   897 | D:1      | Gained mutation: You are partially covered in thin metallic
                  | scales. (AC +2) [demonic ancestry]
   897 | D:1      | Reached XP level 3. HP: 9/29 MP: 4/4
  1164 | D:2      | Noticed Jessica
  1166 | D:2      | Noticed Natasha
  1173 | D:2      | 1173 ||| INVOKING Fiery Armour.
  1173 | D:2      | HP: 4/29 [Natasha (4)]
  1175 | D:2      | Reached skill level 4 in Axes
  1175 | D:2      | Killed from afar by Jessica

Levels and vault maps discovered:
D:1:      dpeg_arrival_round_a, layout_rooms
D:2:      layout_basic, dreamdust_ecumenical_altar_grove, serial_glass,
          glass_columns_b, glass_columns_a, glass_columns_b, glass_columns_a,
          uniq_jessica, uniq_robin, uniq_natasha

Skill      XL: |  1  2  3 |
---------------+----------+-----
Axes           | 3 4 |  4.0
Fighting       | |  3.0
Spellcasting   | |  1.0
Fire Magic     | |  2.6

Action                   || total
-------------------------++-------
Melee: Hand axe          ||    69
       Punch             ||     1
Invok: Fiery Armour      ||     2
  Use: Scroll            ||     4
Armor: Robe              ||    13
Dodge: Dodged            ||    34

Table legend:
 A = Non-vault XP
 B = Vault XP
 C = Vault XP percentage of total XP
 D = Non-vault monster count
 E = Vault monster count
 F = Vault count percentage of total count
                 A         B        C        D         E       F
            +---------+---------+-------+---------+---------+-------
      Total |      52 |       0 |   0.0 |      26 |       0 |   0.0
            +---------+---------+-------+---------+---------+-------
        D:1 |      45 |       0 |   0.0 |      23 |       0 |   0.0
        D:2 |       7 |       0 |   0.0 |       3 |       0 |   0.0
            +---------+---------+-------+---------+---------+-------
